 Dungeon Crawl Stone Soup version 0.31-a0-152-g6aa68a64a1 (webtiles) character file.

Game seed: 14299661626827618970

1582 qw the Skirmisher (level 8, -5/73 HPs)
             Began as a Minotaur Hunter on June 9, 2023.
             Killed from afar by an oklob plant (19 damage)
             ... with a splash of acid
             ... on level 6 of the Dungeon.
             The game lasted 00:02:16 (5442 turns).

qw the Skirmisher (Minotaur Hunter)                 Turns: 5442, Time: 00:02:16

Health: -5/73      AC:  7    Str: 17    XL:     8   Next: 60%
Magic:  7/7        EV: 12    Int:  6    God:
Gold:   341        SH:  5    Dex: 15    Spells: 7/7 levels left

rFire   . . .        Y - +0 orcbow (flame)
rCold   . . .        (shield currently unavailable)
rNeg    . . .        d - +0 ring mail
rPois   .            e - +2 hat
rElec   .            (no cloak)
rCorr   .            (no gloves)
SInv    .            (no boots)
Will    .....        g - amulet of reflection
Stlth   +            (no ring)
HPRegen 0.32/turn    (no ring)
MPRegen 0.10/turn

%: reflection
@: no status effects
A: horns 2, retaliatory headbutt
a: no special abilities


You were on level 6 of the Dungeon.
You visited 2 branches of the dungeon, and saw 7 of its levels.

You collected 341 gold pieces.


Innate Abilities, Weirdness & Mutations

You have a pair of horns on your head.
You reflexively headbutt those who attack you in melee.


   Skills:
 - Level 7.2 Fighting
 + Level 10.6 Ranged Weapons
 - Level 2.0 Armour
 - Level 3.1 Dodging
 - Level 0.7 Stealth


You had 7 spell levels left.
You didn't know any spells.
Your spell library was empty.

Inventory:

Hand Weapons
 Y - a +0 orcbow of flaming (weapon)
Armour
 d - a +0 ring mail (worn)
 e - a +2 hat (worn)
Jewellery
 g - an amulet of reflection (around neck)
Scrolls
 b - a scroll of identify
Potions
 a - 2 potions of haste
 f - a potion of enlightenment {unknown}
 j - a potion of mutation {unknown}
 k - a potion of might {unknown}
 m - a potion of experience {unknown}
 n - a potion of attraction {unknown}
 o - a potion of invisibility {unknown}

Dungeon Overview and Level Annotations

Branches:
Dungeon (6/15)             Temple (1/1) D:4

Altars:
Ashenzari
Dithmenos
Elyvilon
Fedhas
Gozag
Hepliaklqana
Kikubaaqudgha
Makhleb
Nemelex Xobeh
Sif Muna
Wu Jian
Xom
Yredelemnul
Zin

Shops:
D:4 :   D:6 (

Annotations:
D:3 3 runed translucent doors, qw's ghost, amateur GrFi; qw's ghost, amateur MiHu
D:6 1 runed translucent door, exclusion: oklob plant, Crazy Yiuf


Message History

Enter note:
Enter note:
Enter note:
Enter note:
Enter note:
Enter note:
Enter note:
Enter note:
Enter note:
Enter note:
Enter note:
Enter note:
Enter note:
Enter note:
Enter note:
Enter note:
Enter note:
Enter note:
Enter note:
Enter note:
Enter note: You shoot an arrow.
The arrow hits the plant!
The plant begins to die.
The arrow burns the plant.
The plant is lightly damaged.
You shoot an arrow. The arrow hits the plant!
The arrow burns the plant.
The plant is lightly damaged.
You shoot an arrow. The arrow hits the plant!
The arrow burns the plant.
The plant is moderately damaged.
You shoot an arrow. The arrow hits the plant!
The arrow burns the plant.
The plant is moderately damaged.
The oklob plant spits acid at you. The splash of acid hits you!
5441 ||| DRINKING potion of heal wounds.
You feel much better.
A nearby plant withers and dies.
The oklob plant spits acid at you. The splash of acid hits you!!
The oklob plant spits acid at you. The splash of acid hits you!!
You die... <..............:......#.......... #.....................#.......### #########..........>..#.........# # #.....################### # ###.....##PP#.PP77 ### #....)..#P#..PPPP7.P ..# #.#.....#PP..7PPP#PPP ..# #.#######...PPPPP.PPP7P PPP

..#####.#
#P@.PPP#.......#P.P
..'.....#
#.P.P.P..~~~~~..7.P
(.#######
#P.PP#..~~~~~~~..P.
..#
#PP.#..~~~~~~~~~..P
..#
#PPP..~~~~~~~~~~~.P
..#
#PP7.!~~~~...~~~~.#
#.####
#P7.P......_.~~~~..
#.#..#
#PPPP.~~~~...~~~~.#
#)#..#
#7#P#.~~~~~~~~~~~.P


You could see an oklob plant.

Vanquished Creatures
  An ice beast (D:4)
  A black bear (D:5)
  An orc warrior (D:6)
  An ogre (D:5)
  A centaur (D:6)
  A bullfrog (D:6)
  5 scorpions
  3 killer bees (D:5)
  A jelly (D:4)
  7 hounds
  An orc priest (D:6)
  A gnoll bouda (D:4)
  An iguana (D:5)
  2 orc wizards (D:6)
  6 gnolls
  6 adders
  A shadow imp (D:4)
  2 white imps
  2 worms
  A dart slug (D:3)
  25 orcs
  9 ball pythons
  7 bats
  4 endoplasms (D:1)
  2 giant cockroaches
  14 goblins
  6 hobgoblins
  9 jackals
  6 quokkas
  2 frilled lizards (D:1)
  7 kobolds
  4 rats
140 creatures vanquished.

Notes
Turn   | Place    | Note
-------+----------+-------------------------------------------
     0 | D:1      | qw the Minotaur Hunter began the quest for the Orb.
     0 | D:1      | Reached XP level 1. HP: 18/18 MP: 0/0
     0 | D:1      | 0 ||| qw: Version: 0.2-a-122-gbc61b45
     0 | D:1      | 0 ||| qw: Game counter: 3335
     0 | D:1      | 0 ||| qw: Always use a shield: true
     0 | D:1      | 0 ||| qw: God list: Okawaru
     0 | D:1      | 0 ||| qw: Allow faded altars: false
     0 | D:1      | 0 ||| qw: Do Orc after D:15 true
     0 | D:1      | 0 ||| qw: Do second Lair branch before Depths: true
     0 | D:1      | 0 ||| qw: Lair rune preference: random
     0 | D:1      | 0 ||| qw: Plans: Normal
     0 | D:1      | 0 ||| PLANNING D:1-11
    72 | D:1      | Reached XP level 2. HP: 21/25 MP: 1/1
   119 | D:1      | Reached skill level 5 in Ranged Weapons
   267 | D:1      | Reached skill level 3 in Fighting
   467 | D:1      | Reached XP level 3. HP: 31/31 MP: 2/2
   469 | D:1      | Found a faded altar of an unknown god.
   678 | D:1      | 678 ||| UPGRADING to +0 ring mail.
   688 | D:1      | 688 ||| DROPPING +0 leather armour.
   689 | D:1      | 689 ||| UPGRADING to +2 hat.
   694 | D:1      | 694 ||| UPGRADING to amulet of guardian spirit.
   699 | D:1      | 699 ||| READING scroll labelled USIXU ZAYCICAT.
   700 | D:1      | 700 ||| READING scroll labelled SUTECV KAIVI.
   701 | D:1      | 701 ||| READING scroll labelled XEDEBY RUNUO.
   702 | D:1      | 702 ||| DROPPING scroll of butterflies.
   704 | D:1      | 704 ||| Stepping ~*~*~tactically~*~*~ (cloud).
   949 | D:2      | Reached skill level 1 in Armour
  1190 | D:2      | Reached XP level 4. HP: 23/38 MP: 3/3
  1233 | D:2      | 1233 ||| FLEEEEING.
  1234 | D:2      | 1234 ||| FLEEEEING.
  1252 | D:2      | 1252 ||| FLEEEEING.
  1253 | D:2      | 1253 ||| FLEEEEING.
  1254 | D:2      | 1254 ||| FLEEEEING.
  1255 | D:2      | 1255 ||| FLEEEEING.
  1256 | D:2      | 1256 ||| FLEEEEING.
  1257 | D:2      | 1257 ||| FLEEEEING.
  1263 | D:2      | 1263 ||| FLEEEEING.
  1264 | D:2      | 1264 ||| FLEEEEING.
  1265 | D:2      | 1265 ||| FLEEEEING.
  1266 | D:2      | 1266 ||| FLEEEEING.
  1345 | D:2      | Reached skill level 6 in Ranged Weapons
  1838 | D:2      | 1838 ||| READING scroll labelled JENUZX TAURI.
  1839 | D:2      | 1839 ||| READING scroll labelled TUONATW NOAFI.
  1840 | D:2      | 1840 ||| DRINKING 3 red potions.
  1841 | D:2      | 1841 ||| DRINKING 2 coppery potions.
  1842 | D:2      | 1842 ||| DROPPING potion of brilliance.
  2111 | D:3      | Found a sparkling altar of Nemelex Xobeh.
  2200 | D:3      | Found a runed translucent gate.
  2201 | D:3      | Found a runed translucent gate.
  2203 | D:3      | Found a runed translucent gate.
  2205 | D:3      | Noticed qw's ghost (amateur MiHu)
  2205 | D:3      | Noticed qw's ghost (amateur GrFi)
  2689 | D:3      | 2689 ||| READING scroll labelled ROGOIXK DIRUCI.
  2690 | D:3      | 2690 ||| READING scroll labelled CEOKLIH LAUSO.
  2791 | D:3      | 2791 ||| READING scroll labelled ERUOMU UM JAC.
  2792 | D:3      | 2792 ||| READING scroll labelled LEIFASTAWE.
  2848 | D:4      | Reached XP level 5. HP: 42/46 MP: 4/4
  2949 | D:4      | Noticed a walking divine tome
  2950 | D:4      | Found Pufeity's Book Emporium.
  2953 | D:4      | Noticed a walking earthen tome
  2959 | D:4      | 2959 ||| READING 3 scrolls labelled XYOGOF POTTYRAUCW.
  2960 | D:4      | 2960 ||| DROPPING 2 scrolls of vulnerability.
  3002 | D:4      | Found a staircase to the Ecumenical Temple.
  3003 | D:4      | 3003 ||| PLANNING TEMPLE
  3012 | Temple   | Entered the Ecumenical Temple
  3049 | Temple   | 3049 ||| PLANNING D:1-11
  3088 | D:4      | 3088 ||| Stepping ~*~*~tactically~*~*~ (outnumbered).
  3098 | D:4      | Reached skill level 7 in Ranged Weapons
  3114 | D:4      | 3114 ||| FLEEEEING.
  3241 | D:4      | 3241 ||| READING scroll labelled ZEINWU XAUC.
  3242 | D:4      | 3242 ||| FLEEEEING.
  3243 | D:4      | 3243 ||| FLEEEEING.
  3244 | D:4      | 3244 ||| FLEEEEING.
  3269 | D:4      | Reached XP level 6. HP: 50/52 MP: 5/5
  3430 | D:4      | 3430 ||| DRINKING 3 metallic purple potions.
  3433 | D:5      | Entered Level 5 of the Dungeon
  3433 | D:5      | Noticed an ice beast
  3442 | D:5      | 3442 ||| STAIRDANCE
  3445 | D:4      | Killed an ice beast
  3446 | D:4      | Reached skill level 8 in Ranged Weapons
  3587 | D:5      | Reached XP level 7. HP: 53/61 MP: 4/6
  3615 | D:5      | Found a shadowy altar of Dithmenos.
  3644 | D:5      | Found a basalt altar of Yredelemnul.
  3695 | D:5      | Found a glowing silver altar of Zin.
  3749 | D:5      | Reached skill level 9 in Ranged Weapons
  3874 | D:5      | Reached skill level 3 in Dodging
  4056 | D:5      | Reached skill level 6 in Fighting
  4175 | D:5      | Reached XP level 8. HP: 49/70 MP: 3/7
  4463 | D:5      | 4463 ||| READING scroll labelled ELUTUSHESHE.
  4464 | D:5      | 4464 ||| READING 2 scrolls of identify.
  4464 | D:5      | 4464 ||| IDENTIFYING glowing white potion
  4465 | D:5      | 4465 ||| DROPPING potion of lignification.
  4493 | D:6      | Found a broken altar of Ashenzari.
  4514 | D:6      | Found a shimmering altar of Xom.
  4520 | D:6      | 4520 ||| READING scroll of enchant weapon.
  4520 | D:6      | 4520 ||| ENCHANTING +0 heavy shortbow.
  4620 | D:6      | Reached skill level 10 in Ranged Weapons
  4622 | D:6      | HP: 16/70 [hound (2)]
  4623 | D:6      | 4623 ||| READING scroll of teleportation.
  4624 | D:6      | 4624 ||| DRINKING 2 potions of heal wounds.
  4781 | D:6      | 4781 ||| SWAPPING to +0 orcbow.
  4788 | D:6      | 4788 ||| DROPPING +1 heavy shortbow.
  4789 | D:6      | 4789 ||| READING scroll of brand weapon.
  4789 | D:6      | 4789 ||| BRANDING +0 orcbow.
  4881 | D:6      | 4881 ||| Stepping ~*~*~tactically~*~*~ (outnumbered).
  4888 | D:6      | HP: 17/73 [orc warrior/+0 glaive (12)]
  4889 | D:6      | 4889 ||| DRINKING potion of heal wounds.
  5062 | D:6      | Found a runed translucent door.
  5063 | D:6      | Noticed Crazy Yiuf
  5096 | D:6      | Found Efrib's Antique Weapon Emporium.
  5363 | D:6      | Found a blossoming altar of Fedhas.
  5388 | D:6      | Noticed an oklob plant
  5389 | D:6      | 5389 ||| UPGRADING to amulet of reflection.
  5399 | D:6      | 5399 ||| DROPPING amulet of guardian spirit.
  5400 | D:6      | 5400 ||| DROPPING amulet of the acrobat.
  5401 | D:6      | 5401 ||| READING scroll labelled NYETIG DAAS.
  5402 | D:6      | 5402 ||| DRINKING 2 lumpy coppery potions.
  5403 | D:6      | 5403 ||| DRINKING 2 smoky emerald potions.
  5406 | D:6      | 5406 ||| DROPPING potion of magic.
  5407 | D:6      | 5407 ||| DROPPING potion of ambrosia.
  5440 | D:6      | HP: 14/73 [oklob plant/splash of acid (15)]
  5441 | D:6      | 5441 ||| DRINKING potion of heal wounds.
  5442 | D:6      | Killed from afar by an oklob plant

Levels and vault maps discovered:
D:1:      wander_arrival_desolate, layout_loops_ring,
          dreamdust_ecumenical_altar_statues, chequers_serial_rivers_small_b
D:2:      layout_basic, minmay_tall_x
D:3:      layout_loops_ring, nemelex_xobeh_ov_fountains_minmay,
          gammafunk_ghost_cemetery
D:4:      layout_cave_pools, minmay_temple_entry_trees, serial_shops,
          nicolae_shop_mannequins
D:5:      layout_basic, mainiacjoe_overflow_alcove_1, zin_academy,
          lemuel_round_altar, st_stairs_4
D:6:      layout_basic, mainiacjoe_overflow_surrounded_room, tgw_fedhas,
          nicolae_overflow_crystal_walls, serial_shops, kennysheep_little_box,
          uniq_crazy_yiuf_cottage
Temple:   nicolae_temple_little_seven

Skill      XL: |  1  2  3  4  5  6  7  8 |
---------------+-------------------------+-----
Ranged Weapons | 5 6 7 8 9 10 | 10.6
Fighting       | 3 4 5 6 7 |  7.2
Armour         | 1 2 |  2.0
Dodging        | 3 |  3.1
Stealth        | |  0.7

Action                     |  1- 3 |  4- 6 |  7- 9 || total
---------------------------+-------+-------+-------++-------
   Fire: Shortbow          |   118 |   152 |   107 ||   377
         Orcbow            |       |       |    62 ||    62
    Use: Scroll            |     3 |     8 |     6 ||    17
         Potion            |       |     3 |     5 ||     8
 Armour: Leather armour    |    11 |       |       ||    11
         Ring mail         |    18 |    34 |    40 ||    92
  Dodge: Dodged            |    45 |    53 |    62 ||   160

Table legend:
 A = Non-vault XP
 B = Vault XP
 C = Vault XP percentage of total XP
 D = Non-vault monster count
 E = Vault monster count
 F = Vault count percentage of total count
                 A         B        C        D         E       F
            +---------+---------+-------+---------+---------+-------
      Total |    2035 |     226 |  10.0 |     134 |       6 |   4.3
            +---------+---------+-------+---------+---------+-------
        D:1 |      49 |       0 |   0.0 |      28 |       0 |   0.0
        D:2 |      68 |       7 |   9.3 |      20 |       4 |  16.7
        D:3 |      60 |       0 |   0.0 |      20 |       0 |   0.0
        D:4 |     247 |     132 |  34.8 |      21 |       1 |   4.5
        D:5 |     807 |      87 |   9.7 |      16 |       1 |   5.9
        D:6 |     804 |       0 |   0.0 |      29 |       0 |   0.0
            +---------+---------+-------+---------+---------+-------
